 Dungeon Crawl Stone Soup version 0.26.1-11-gd32895ea62 (webtiles) character file.

Game seed: 657756961197811033

371 Tirrikindir the Firebug (level 6, 0/50 HPs)
             Began as a Hill Orc Fire Elementalist on June 3, 2021.
             Was an Initiate of the Shining One.
             Killed by divine providence
             ... invoked by an orc priest
              (9 damage)
             ... on level 3 of the Dungeon.
             The game lasted 00:14:52 (5496 turns).

Tirrikindir the Firebug (HOFE)                      Turns: 5496, Time: 00:14:52

Health: 0/50       AC:  5    Str: 11    XL:     6   Next: 71%
Magic:  9/9        EV: 12    Int: 16    God:    the Shining One [......]
Gold:   130        SH:  0    Dex: 12    Spells: 5/9 levels left

rFire    . . .     SeeInvis .   d - +0 hand axe
rCold    . . .     Faith    .   (no shield)
rNeg     + . .     Spirit   .   f - +2 robe {rN+}
rPois    .         Reflect  .   (no helmet)
rElec    .         Harm     .   (no cloak)
rCorr    .         Rampage  .   b - +0 pair of gloves
Will     .....                  (no boots)
Stlth    +.........             (no amulet)
HPRegen  0.16/turn              (no ring)
MPRegen  0.11/turn              (no ring)

@: glowing
A: no striking features
a: Renounce Religion, Convert to Beogh


You were on level 3 of the Dungeon.
You worshipped the Shining One.
The Shining One was noncommittal.
You visited 1 branch of the dungeon, and saw 3 of its levels.
You also visited: Sewer.

You collected 130 gold pieces.

Inventory:

Hand Weapons
 d - a +0 hand axe (weapon)
 h - a +0 mace
Armour
 b - a +0 pair of gloves (worn)
 f - a +2 robe of positive energy (worn)
Scrolls
 a - 3 scrolls of teleportation
Potions
 c - 3 potions of flight
 e - a potion of resistance
 g - a potion of brilliance


   Skills:
 + Level 2.6 Fighting
 - Level 2.0 Axes
 - Level 2.0 Dodging
 - Level 2.1 Stealth
 + Level 2.4 Spellcasting
 + Level 2.4 Conjurations
 * Level 5.1 Fire Magic
 + Level 2.3 Invocations


You had 5 spell levels left.
You knew the following spells:

 Your Spells              Type           Power        Failure   Level
a - Foxfire               Conj/Fire      56%          4%          1
b - Conjure Flame         Conj/Fire      14%          12%         3

Your spell library contained the following spells:

 Spells                   Type           Power        Failure   Level
 Inner Flame              Hex/Fire       10%          21%         3
 Sticky Flame             Conj/Fire      14%          38%         4
 Fireball                 Conj/Fire      7%           75%         5


Dungeon Overview and Level Annotations

Branches:
Dungeon (3/15)              Sewer (visited)

Altars:
Elyvilon
Nemelex Xobeh
The Shining One


Message History

The orc priest is severely wounded.
You hit the orc. The orc hits you with a +0 mace.
The orc priest miscasts a cantrip.
You hit the orc priest.
The orc priest is severely wounded.
You barely miss the orc. The orc priest completely misses you.
The orc hits you with a +0 mace.
The orc priest calls down the wrath of Beogh upon you.
You barely resist.
You see here a bat corpse.
You hit the orc.
The orc is severely wounded.
The orc priest mumbles some strange prayers to Beogh against you.
Beogh smites you!
* * * LOW HITPOINT WARNING * * *
The orc hits you with a +0 mace.
* * * LOW HITPOINT WARNING * * *
The orc priest mumbles some strange prayers to Beogh against you.
Beogh smites you!
You die...

. #.......... ♣♣.
#.#...##.## ..
#.#...##.## ♣♣.♣
#.......... ♣♣..
#........<. ♣(.♣
#.#)..#.#.# ♣o♣♣♣
#.....#.#.# ♣..o♣♣♣♣
#....##.#.#
♣♣.♣@♣.♣♣
#..........
♣♣♣♣...♣♣#.#........
♣♣♣..♣#.#.#######
♣♣.♣#)#.#######
♣......##○§☼§§
♣♣♣#...##○§§°○
#.#.##☼☼○§○
#.#.##○§○○☼
#.#.##○..§○


You could see an orc priest and an orc.

Vanquished Creatures
  Sigmund (D:2)
  An orc wizard (D:3)
  A river rat (D:2)
  2 adders (D:2)
  5 oozes
  8 worms
  3 dart slugs
  5 leopard geckos
  2 orcs (D:3)
  17 bats
  13 giant cockroaches
  7 goblins
  8 hobgoblins
  8 jackals
  2 quokkas (D:2)
  3 ball pythons
  3 frilled lizards
  6 kobolds
  5 rats
100 creatures vanquished.

Vanquished Creatures (others)
  186 foxfires
186 creatures vanquished.

Grand Total: 286 creatures vanquished

Notes
Turn   | Place    | Note
-------+----------+-------------------------------------------
     0 | D:1      | Tirrikindir the Hill Orc Fire Elementalist began the quest
                  | for the Orb.
     0 | D:1      | Reached XP level 1. HP: 14/14 MP: 3/3
    67 | D:1      | Reached XP level 2. HP: 22/22 MP: 0/4
   490 | D:1      | Reached XP level 3. HP: 27/27 MP: 1/5
  1142 | D:1      | Reached skill level 1 in Fighting
  1361 | D:1      | Learned a level 3 spell: Conjure Flame
  1532 | D:2      | Reached skill level 4 in Fire Magic
  1532 | D:2      | Reached XP level 4. HP: 12/35 MP: 2/6
  1770 | D:2      | Found a white marble altar of Elyvilon.
  1808 | D:2      | Found a glowing golden altar of the Shining One.
  1815 | D:2      | Became a worshipper of the Shining One
  3141 | D:2      | Noticed Sigmund
  3173 | D:2      | The Shining One protects you from harm!
  3565 | D:3      | Found a glowing drain.
  3591 | Sewer    | Entered a sewer
  3937 | Sewer    | Reached skill level 1 in Invocations
  3937 | Sewer    | Reached XP level 5. HP: 40/40 MP: 4/8
  4766 | D:2      | Reached skill level 1 in Axes
  5029 | D:2      | Killed Sigmund
  5030 | D:2      | Reached skill level 5 in Fire Magic
  5030 | D:2      | Reached XP level 6. HP: 50/50 MP: 0/9
  5257 | D:3      | Found a sparkling altar of Nemelex Xobeh.
  5496 | D:3      | Killed from afar by an orc priest

Illustrated notes

Levels and vault maps discovered:
D:1:      mainiacjoe_arrival_reflecting_pool, layout_basic
D:2:      layout_loops_corners, elyvilon_altar_4, lemuel_crystal_altar,
          minmay_worlds_worst_comb, uniq_sigmund
D:3:      kb_forest_paths, layout_basic, cheibriados_altar_1,
          nemelex_altar_shiori, chequers_ecumenical_altar_grove,
          portal_sewer_entry_a, uniq_ijyb

Skill      XL: |  1  2  3  4  5  6 |
---------------+-------------------+-----
Stealth        | 2 |  2.1
Fighting       | 1 2 |  2.6
Fire Magic     | 4 5 |  5.1
Dodging        | 2 |  2.0
Spellcasting   | 2 |  2.4
Invocations    | 1 2 |  2.3
Axes           | 1 2 |  2.0
Conjurations   | 2 |  2.4

Action                   |  1- 3 |  4- 6 || total
-------------------------+-------+-------++-------
Melee: Mace              |    48 |    47 ||    95
       Hand axe          |       |   150 ||   150
 Cast: Foxfire           |    39 |    70 ||   109
  Use: Scroll            |     5 |     6 ||    11
       Potion            |       |     3 ||     3
Armor: Robe              |     1 |    14 ||    15
       Leather armour    |    29 |    69 ||    98
Dodge: Dodged            |    39 |   195 ||   234
